 Dungeon Crawl Stone Soup version 0.20.1-1-g8b1a95d (webtiles) character file.

436620 ianterrell the Slayer (level 22, 0/213 HPs)
             Began as a Minotaur Berserker on Sept 6, 2017.
             Was a High Priest of Trog.
             Killed from afar by a rakshasa (25 damage)
             ... with an orb of energy
             ... on level 2 of the Depths on Sept 8, 2017.
             The game lasted 05:46:14 (56278 turns).

ianterrell the Slayer (Minotaur Berserker)         Turns: 56278, Time: 05:46:14

Health: 0/213      AC: 34    Str: 27    XL:     22   Next: 94%
Magic:  26/28      EV: 21    Int: -2 (9) God:    Trog [*****.]
Gold:   2900       SH: 21    Dex: 17    Spells: 21/21 levels left

rFire    + . .     SeeInvis +   a - +9 double sword (vamp)
rCold    + . .     Gourm    .   T - +2 shield {rPois}
rNeg     . . .     Faith    .   r - +3 plate armour {MR+}
rPois    +         Spirit   .   (helmet restricted)
rElec    .         Reflect  +   h - +2 cloak of the Crypt {Int+4}
rCorr    .         Harm     .   n - +2 pair of gloves {Dex+3}
MR       +++..     Rnd*Rage +   q - +2 pair of boots {Stlth+}
Stlth    ..........             E - +3 amulet of reflection
Regen    0.5/turn               e - ring of the Worm {+Fly rPois rF+ rC+ Slay+2}
MPRegen  0.3/turn               i - ring of Orthodoxy {+Blink SInv}

@: very slightly contaminated, hasted and slowed, lost intelligence, invisible
(expiring)
A: retaliatory headbutt, horns 2, berserk 1, blurry vision 1, magic resistance 1
}: 2/15 runes: decaying, gossamer
a: Berserk, Trog's Hand, Brothers in Arms, Burn Spellbooks, Renounce Religion,
Evoke Blink, Evoke Flight


You were on level 2 of the Depths.
You worshipped Trog.
Trog was extremely pleased with you.
You were not hungry.

You visited 8 branches of the dungeon, and saw 39 of its levels.
You also visited: Bailey and Ice Cave.

You collected 5412 gold pieces.
You spent 2512 gold pieces at shops.

Inventory:

Hand Weapons
 a - a +9 vampiric double sword (weapon)
 b - a +8 scimitar of flaming
 v - a +6 antimagic long sword
 F - the +5 double sword of Guxaetsesh {drain, rF+ rN+}
   (Trog gifted it to you in an ice cave)

   A truly terrible weapon, it drains the life of those it strikes.
   It protects you from fire.
   It protects you from negative energy.
Missiles
 N - 6 silver javelins (quivered)
Armour
 h - the +2 cloak of the Crypt (worn) {Int+4}
   (You found it on level 1 of the Elven Halls)

   It affects your intelligence (+4).
 n - a +2 pair of gloves of dexterity (worn)
 q - a +2 pair of boots of stealth (worn)
 r - a +3 plate armour of magic resistance (worn)
 T - a +2 shield of poison resistance (worn)
Jewellery
 e - the ring of the Worm (left hand) {+Fly rPois rF+ rC+ Slay+2}
   (You bought it in a shop on level 2 of the Orcish Mines)

   [ring of protection from cold]

   It affects your accuracy and damage with ranged weapons and melee attacks
   (+2).
   It protects you from fire.
   It protects you from cold.
   It protects you from poison.
   It lets you fly.
 i - the ring of Orthodoxy (right hand) {+Blink SInv}
   (You acquired it on level 1 of the Lair of Beasts)

   [ring of see invisible]

   It lets you see invisible.
   It lets you blink.
 p - a cursed ring of loudness {unknown}
 y - the ring of Zychaituta {+Fly rElec rF+}
   (You bought it in a shop on level 2 of the Orcish Mines)

   [ring of flight]

   It protects you from fire.
   It insulates you from electricity.
   It lets you fly.
 E - a +3 amulet of reflection (around neck)
 K - an uncursed ring of resist corrosion
 Z - an uncursed ring of protection from magic
Wands
 s - a wand of polymorph (8/24)
Scrolls
 g - a scroll of silence
 j - a scroll of enchant armour
 k - 16 scrolls of remove curse
 t - 10 scrolls of teleportation
 w - 2 scrolls of magic mapping
 x - 3 scrolls of recharging
 z - a scroll of blinking
 H - 4 scrolls of fear
 M - 17 scrolls of identify
 V - a scroll of enchant weapon
 W - 7 scrolls of fog
Potions
 d - 13 potions of curing
 f - 3 potions of flight
 m - a potion of berserk rage
 o - 5 potions of ambrosia
 A - 3 potions of brilliance
 C - a potion of haste
 D - 9 potions of resistance
 J - 3 potions of invisibility
 Q - 6 potions of lignification
 S - 3 potions of cancellation
 U - a potion of might
Comestibles
 l - a bread ration
 u - 5 chunks of flesh
 B - 8 meat rations
 R - 9 royal jellies


   Skills:
 * Level 21.0 Fighting
 - Level 19.6 Long Blades
 * Level 20.9 Armour
 * Level 19.7 Dodging
 - Level 0.1 Stealth
 - Level 18.5 Shields
 - Level 9.7 Evocations


You had 21 spell levels left.
You didn't know any spells.

Dungeon Overview and Level Annotations

Branches:
Dungeon (15/15)            Temple (0/1) D:5            Lair (6/6) D:11
  Swamp (4/4) Lair:4       Spider (4/4) Lair:2          Orc (2/2) D:10
    Elf (2/3) Orc:2        Vaults (4/5) D:14          Crypt (0/3) Vaults:3
 Depths (2/5) D:15
  Slime: Lair:5-6

Altars:
Ashenzari
Cheibriados
Gozag
Kikubaaqudgha
Nemelex Xobeh
Qazlal
Ru
Vehumet
Yredelemnul
Beogh

Shops:
D:5 }   Orc:2 =[*(   Vaults:1 !   Depths:1 ?

Portals:
Hell: Depths:1 Depths:2
Pandemonium: Depths:1
Ziggurat: Depths:1
Trove: Depths:1 (give 12 potions of heal wounds)

Annotations:
Lair:6 seyes's ghost, journeyman DsAs
Swamp:4 1 exclusion
Spider:1 exclusion: Roxanne, Roxanne
Elf:2 3 runed doors
Vaults:4 exclusion: obsidian statue


Innate Abilities, Weirdness & Mutations

You reflexively headbutt those who attack you in melee.
You have a pair of horns on your head.
You tend to lose your temper in combat.
Scrolls take you a little longer to read.
You are resistant to hostile enchantments. (MR+)


Message History

There are monsters nearby!
Unknown command.
You block the spriggan air mage's attack.
You block the rakshasa's attack.
You block the spriggan air mage's attack.
The spriggan air mage gestures at you while chanting.
The bolt of lightning hits you!
* * * LOW HITPOINT WARNING * * *
You flicker for a moment.
The spriggan air mage waves its arms in wide circles.
The air twists around and strikes you!
* * * LOW HITPOINT WARNING * * *
The spriggan air mage waves its arms in wide circles.
The air twists around and strikes you!
Things that are here:
a curare-tipped needle; an uncursed spear; an uncursed blowgun You blink.
You feel slightly more hungry. The rakshasa gestures at you.
The orb of energy hits you!
You die...

###..#..#.....#.#(#.#.#.....#..#
#
##.....#.....#.....#.....#..###
##....#.....#.....#.....#..###
##...#.....#.....#.....#..##.
##.........#[..#........##..
##(..###...###...###...#...
##.....###.#.###.....#.#.. ###.
[i##.......##.......##...#. ...#
#.. ##.....@##....####.#...#
...##.# ##..##.##..#####...#...
.....# ##..(.##### ##.....#.#
i!...##. ##...# ##).......#
.......# ##.(# ##........##
.......# ##ยง# ##........##
!......# ##CR# #..(.(...##
.....##. ##..i# ##########
.....# ##....#


You could see a titan, a rakshasa and a spriggan air mage.

Vanquished Creatures
  Mara (D:15)
  A juggernaut (Depths:2)
  Boris (Vaults:4)
  2 caustic shrikes (Depths:2)
  Nikola (Swamp:4)
  Arachne (Spider:2)
  Jorgrun (Swamp:4)
  3 tentacled monstrosities
  An Ice Fiend (IceCv)
  2 liches
  2 sphinxes
  6 tengu reavers
  A thorn hunter (Swamp:4)
  Donald (Spider:3)
  A shadow dragon (Vaults:2)
  A storm dragon (Depths:2)
  2 fire giants
  2 frost giants
  An iron dragon (Depths:2)
  2 deep elf sorcerers
  6 ghost moths (Spider:4)
  Louise (Elf:1)
  4 vault wardens
  The ghost of Saba the Merry Centaur, a journeyman CeHu of Okawaru (Depths:1)
  5 emperor scorpions
  2 very ugly things
  A draconian annihilator (Depths:2)
  11 ironheart preservers
  7 entropy weavers
  3 vampire knights
  9 stone giants
  Nessos (D:14)
  A deep elf annihilator (Elf:2)
  3 spark wasps
  5 deep elf demonologists
  The ghost of falsifian the Cleaver, a journeyman HOFi of Beogh (Orc:1)
  4 ettins
  5 fire dragons
  2 deep elf high priests
  Josephine (D:12)
  11 yaktaur captains
  A crystal guardian (Vaults:4)
  2 jiangshi (Depths:1)
  9 ice dragons
  2 vault guards
  17 hydras
  6 great orbs of eyes
  2 rakshasas
  The ghost of Aolhelm the Archer, a journeyman BaHu of Okawaru (IceCv)
  2 spriggan air magi (Depths:2)
  9 alligators
  14 ogre magi
  2 ghost crabs
  12 centaur warriors
  Erica (Orc:1)
  A death knight (Vaults:2)
  26 two-headed ogres
  2 deep troll earth magi
  4 tengu warriors
  A vampire mage (Depths:1)
  3 deep troll shamans
  Urug (Orc:2)
  3 death yaks
  17 dancing weapons
  2 orc high priests
  3 spriggan berserkers
  43 slime creatures
  9 spriggans
  A hell knight (Depths:2)
  22 deep elf knights
  2 storm dragon skeletons
  2 shadow wraiths
  3 spriggan druids
  An infernal demonspawn (D:15)
  13 skeletal warriors
  21 deep trolls
  3 glowing orange brains
  An unseen horror (Vaults:1)
  17 wizards
  7 swamp dragons
  10 deep elf archers
  A torturous demonspawn (D:15)
  The ghost of Heh the Tainter, a novice OpVM (D:7)
  2 flayed ghosts
  6 necromancers
  17 orc knights
  2 wolf spider zombies (D:15)
  41 deep elf magi
  11 ironbrand convokers
  32 wolf spiders
  22 orb spiders
  9 harpies
  5 shambling mangroves
  A manticore (D:13)
  4 orc sorcerers
  29 ugly things
  A shining eye (shapeshifter) (Depths:2)
  5 black mambas
  7 cyclopes
  A stone giant skeleton (Vaults:4)
  A water nymph (shapeshifter) (Vaults:3)
  2 centaur zombies
  Maurice (Orc:1)
  2 ice statues (IceCv)
  A guardian serpent (shapeshifter) (Vaults:2)
  A rust devil (Depths:1)
  17 vault sentinels
  Psyche (D:8)
  A human skeleton (Vaults:1)
  3 spiny frogs (shapeshifter)
  4 centaur skeletons
  4 torpor snails
  A kobold demonologist (D:15)
  15 spiny frogs
  3 komodo dragons
  A yaktaur (shapeshifter) (Vaults:2)
  6 freezing wraiths
  A rime drake (shapeshifter) (Depths:2)
  25 yaktaurs
  An anaconda simulacrum (IceCv)
  12 ice devils (IceCv)
  10 demonic crawlers
  A komodo dragon (shapeshifter) (Depths:2)
  A tormentor (Depths:1)
  A polar bear (Lair:6)
  A meliai (shapeshifter) (Vaults:1)
  2 tengu simulacra (Vaults:2)
  5 trolls
  31 jumping spiders
  A troll (shapeshifter) (Vaults:3)
  3 tengu conjurers
  A shadow dragon simulacrum (Vaults:4)
  8 tyrant leeches
  27 hornets
  13 blink frogs
  9 hippogriffs
  8 bog bodies
  3 vampires
  4 shadows
  A centaur simulacrum (D:14)
  72 redbacks
  A tarantella (shapeshifter) (Elf:1)
  2 air elementals
  2 water elementals (Elf:1)
  4 wyverns
  A basilisk (shapeshifter) (Depths:2)
  2 spriggans (shapeshifter)
  12 tarantellas
  5 fire elementals
  16 humans (D:14)
  34 yaks
  2 dire elephant simulacra (IceCv)
  3 basilisks (Lair:4)
  7 wraiths
  Grum (D:11)
  An elf skeleton (Vaults:1)
  18 vampire mosquitoes
  A steam dragon (Lair:3)
  A hungry ghost (D:12)
  5 wargs
  20 swamp worms
  2 acid dragons
  3 harpy simulacra (IceCv)
  A soldier ant (shapeshifter) (Depths:1)
  12 water moccasins
  22 insubstantial wisps
  2 hydra simulacra (IceCv)
  16 swamp drakes
  10 sky beasts
  6 ice beasts
  10 porcupines
  34 orc warriors
  3 black bears
  2 phantoms
  A necrophage (D:9)
  33 ogres
  A human zombie (Vaults:1)
  3 ettin simulacra
  7 boggarts
  7 wolves
  24 centaurs
  8 crocodiles
  A crocodile (shapeshifter) (Vaults:1)
  2 wyvern zombies
  18 bullfrogs
  4 big kobolds
  4 earth elementals
  A water moccasin zombie (D:5)
  A glowing shapeshifter simulacrum (Vaults:3)
  An ogre simulacrum (Vaults:1)
  A wyvern skeleton (D:7)
  10 scorpions
  3 killer bees (D:7)
  3 human simulacra
  12 wights
  2 howler monkeys
  10 electric eels
  7 crimson imps
  6 hounds
  A yaktaur simulacrum (Vaults:1)
  7 jellies
  28 orc priests
  2 gnoll shamans (D:6)
  32 orc wizards
  6 iguanas
  Jessica (D:2)
  A hell rat (D:11)
  9 worker ants
  A killer bee zombie (D:5)
  A hound zombie (D:8)
  A howler monkey zombie (D:9)
  3 gnolls (D:6)
  A river rat (D:11)
  16 adders
  6 shadow imps
  An ooze (D:4)
  2 adder skeletons
  An adder zombie (D:7)
  5 worms
  8 leopard geckos
  130 orcs
  5 giant cockroaches
  19 hobgoblins
  15 jackals
  4 quokkas
  4 bats
  3 frilled lizards
  10 goblins
  30 kobolds
  A leopard gecko skeleton (D:4)
  11 rats
  A briar patch (Swamp:4)
  A fungus (Lair:1)
  7 plants
1722 creatures vanquished.

Vanquished Creatures (collateral kills)
  A caustic shrike (Depths:2)
  A titan (Depths:2)
  A sphinx (Vaults:1)
  A fire giant (Depths:2)
  An orc warlord (Orc:2)
  A vault warden (Vaults:4)
  An ironheart preserver (Vaults:4)
  A very ugly thing (Depths:1)
  A yaktaur captain (Vaults:1)
  4 hydras (Swamp:4)
  4 vault guards
  2 spriggan air magi (Depths:2)
  A centaur warrior (Depths:2)
  2 dancing weapons (Elf:1)
  A deep troll earth mage (Depths:2)
  A spriggan berserker (Depths:2)
  A wizard (Depths:2)
  A spriggan druid (Swamp:4)
  2 swamp dragons (Swamp:4)
  2 deep trolls
  An orc knight (Vaults:1)
  A wolf spider (Spider:4)
  6 ugly things
  A freezing wraith (Vaults:3)
  A slime creature (Vaults:1)
  A warg (Orc:1)
  An acid dragon (Vaults:1)
  A swamp worm (Swamp:3)
  2 swamp drakes (Swamp:4)
  3 orc warriors (Vaults:3)
  2 orc priests
  A shadow imp (D:14)
  3 orcs (Orc:1)
54 creatures vanquished.

Vanquished Creatures (others)
  A stone giant (Depths:2)
  3 yaktaur captains (Vaults:3)
  A centaur warrior (Depths:2)
  A two-headed ogre (D:15)
  A deep elf archer (Elf:2)
  A deep elf mage (Elf:1)
  An orb spider (Spider:1)
  2 cyclopes
  A spiny frog (Swamp:2)
  4 yaktaurs
  A jumping spider (Spider:4)
  A tarantella (Spider:1)
  A boggart (Depths:2)
  5 centaurs
  A ball lightning (Swamp:4)
  2 orcs
  4 fungi
  4 plants (Lair:4)
35 creatures vanquished.

Grand Total: 1811 creatures vanquished

Notes
Turn   | Place    | Note
-------+----------+-------------------------------------------
     0 | D:1      | ianterrell the Minotaur Berserker began the quest for the Orb.
     0 | D:1      | Reached XP level 1. HP: 19/19 MP: 0/0
   131 | D:1      | Reached XP level 2. HP: 27/27 MP: 1/1
   205 | D:1      | Reached skill level 4 in Fighting
   311 | D:1      | Reached ** piety under Trog
   413 | D:1      | Reached XP level 3. HP: 33/33 MP: 2/2
   797 | D:2      | Found an opulent altar of Gozag.
  1118 | D:2      | Found a sparkling altar of Nemelex Xobeh.
  1325 | D:2      | Reached XP level 4. HP: 41/41 MP: 3/3
  1615 | D:2      | Reached skill level 5 in Long Blades
  1654 | D:2      | Noticed Jessica
  1656 | D:2      | Killed Jessica
  1807 | D:3      | Reached XP level 5. HP: 45/47 MP: 4/4
  1890 | D:3      | Found a snail-covered altar of Cheibriados.
  2148 | D:3      | Found a shattered altar of Ashenzari.
  2235 | D:3      | Reached *** piety under Trog
  2308 | D:3      | Reached XP level 6. HP: 53/53 MP: 5/5
  2457 | D:4      | Gained mutation: You are robust. (+10% HP) [potion of mutation]
  2457 | D:4      | Gained mutation: You are partially covered in icy blue scales. (AC +2) [potion of mutation]
  2457 | D:4      | Gained mutation: You are partially covered in slimy green scales. (AC +2) [potion of mutation]
  3105 | D:4      | Got a fine dagger
  3296 | D:4      | Reached XP level 7. HP: 57/66 MP: 6/6
  3427 | D:5      | Entered Level 5 of the Dungeon
  3449 | D:5      | Found a staircase to the Ecumenical Temple.
  3777 | D:5      | Found a stormy altar of Qazlal.
  3916 | D:5      | Reached skill level 5 in Fighting
  4117 | D:5      | Reached XP level 8. HP: 74/74 MP: 7/7
  4141 | D:5      | Found Exiupnel's Gadget Boutique.
  4187 | D:6      | Reached **** piety under Trog
  4187 | D:6      | Reached skill level 10 in Long Blades
  4625 | D:6      | Reached skill level 5 in Armour
  4642 | D:6      | Reached skill level 6 in Fighting
  4935 | D:6      | Reached skill level 5 in Dodging
  4944 | D:6      | Reached XP level 9. HP: 67/85 MP: 8/8
  5599 | D:6      | Reached skill level 7 in Fighting
  6198 | D:7      | Found a sacrificial altar of Ru.
  6216 | D:7      | Noticed Heh's ghost (novice OpVM)
  6218 | D:7      | Reached ***** piety under Trog
  6224 | D:7      | Killed Heh's ghost
  6608 | D:7      | Reached XP level 10. HP: 87/96 MP: 9/9
  7012 | D:8      | Reached skill level 8 in Fighting
  7042 | D:8      | Noticed a two-headed ogre
  7049 | D:8      | Killed a two-headed ogre
  7063 | D:8      | Noticed Psyche
  7076 | D:8      | Killed Psyche
  7665 | D:8      | Found a radiant altar of Vehumet.
  8088 | D:9      | Reached skill level 9 in Fighting
  8387 | D:9      | Found a radiant altar of Vehumet.
  8518 | D:10     | Entered Level 10 of the Dungeon
  8583 | D:10     | Reached XP level 11. HP: 105/106 MP: 10/10
  8883 | D:10     | Found a staircase to the Orcish Mines.
  9730 | D:11     | Noticed a green ugly thing
  9745 | D:11     | Killed a green ugly thing
  9754 | D:11     | Found a staircase to the Lair.
  9755 | D:11     | Noticed a death yak
  9756 | D:11     | Noticed a death yak
  9756 | D:11     | Noticed a death yak
  9758 | D:11     | Noticed Grum
  9797 | D:12     | Killed a death yak
  9806 | D:12     | Got a translucent silver ring
  9817 | D:12     | Identified the ring of Ximaoph {rF+ Slay+2} (You found it on level 12 of the Dungeon)
 10031 | D:12     | Killed a death yak
 10096 | D:11     | Received a gift from Trog
 10101 | D:11     | Killed a death yak
 10101 | D:11     | Reached skill level 10 in Fighting
 10110 | D:11     | Killed Grum
 10206 | Lair:1   | Entered Level 1 of the Lair of Beasts
 10600 | Lair:1   | Reached skill level 10 in Armour
 11794 | Lair:2   | Found a hole to the Spider Nest.
 11810 | Lair:2   | Reached skill level 11 in Fighting
 11810 | Lair:2   | Reached skill level 10 in Dodging
 12148 | Lair:2   | Reached XP level 12. HP: 121/121 MP: 11/11
 12458 | Lair:2   | Noticed a seven-headed hydra
 12471 | Lair:2   | Killed a seven-headed hydra
 13825 | Lair:4   | Noticed a seven-headed hydra
 13833 | Lair:4   | Killed a seven-headed hydra
 13908 | Lair:4   | Reached skill level 15 in Long Blades
 14435 | Lair:4   | Found a staircase to the Swamp.
 14711 | Lair:4   | HP: 5/123 [electric eel/bolt of electricity (5)]
 14766 | Lair:4   | Reached skill level 1 in Shields
 15334 | Lair:4   | Reached skill level 12 in Fighting
 15800 | Lair:5   | Received a gift from Trog
 16252 | Lair:5   | You fall through a shaft!
 16252 | Lair:6   | Entered Level 6 of the Lair of Beasts
 16252 | Lair:6   | Noticed a seven-headed hydra
 16265 | Lair:6   | Killed a seven-headed hydra
 16319 | Lair:6   | Noticed a five-headed hydra
 16329 | Lair:6   | Noticed seyes's ghost (journeyman DsAs)
 16330 | Lair:6   | Killed a five-headed hydra
 16346 | Lair:6   | Reached XP level 13. HP: 129/130 MP: 12/12
 16968 | Lair:1   | Identified 2 scrolls of acquirement
 17082 | Orc:1    | Entered Level 1 of the Orcish Mines
 17118 | Orc:1    | Reached skill level 5 in Shields
 17132 | Orc:1    | Noticed Maurice
 17132 | Orc:1    | Found a flagged portal.
 17151 | Bailey   | Entered a bailey
 17629 | Orc:1    | Killed Maurice
 17661 | Orc:1    | Noticed Erica
 17669 | Orc:1    | Killed Erica
 17841 | Orc:1    | Received a gift from Trog
 17852 | Orc:1    | Noticed falsifian's ghost (journeyman HOFi)
 17861 | Orc:1    | Killed falsifian's ghost
 17999 | Orc:2    | Entered Level 2 of the Orcish Mines
 17999 | Orc:2    | Found a staircase to the Elven Halls.
 18550 | Orc:2    | Noticed an orc warlord
 18551 | Orc:2    | Noticed Urug
 18566 | Orc:2    | Killed an orc warlord
 18713 | Orc:2    | Killed Urug
 18732 | Orc:2    | Found a roughly hewn altar of Beogh.
 18778 | Orc:2    | Reached skill level 13 in Fighting
 18833 | Orc:2    | Found Asangyuv's Antique Armour Shoppe.
 18993 | Orc:2    | Found Taonaaph's Jewellery Shoppe.
 19009 | Orc:2    | Found Akiwywk's General Store.
 19017 | Orc:2    | Bought a scroll of blinking for 120 gold pieces
 19103 | Orc:2    | Received a gift from Trog
 19140 | Orc:2    | Got a bloodstained arbalest {god gift}
 19324 | Orc:2    | Found Wetet's Antique Weapon Shoppe.
 19523 | Lair:1   | Got a scintillating jade ring
 19525 | Lair:1   | Identified the ring of Orthodoxy {+Blink SInv} (You acquired it on level 1 of the Lair of Beasts)
 19533 | Lair:1   | Identified the +3 arbalest "Daitemm" {speed, Str+4 Int+4} (Trog gifted it to you on level 2 of the Orcish Mines)
 19602 | D:12     | Noticed Josephine
 19606 | D:12     | Killed Josephine
 20401 | D:13     | Reached XP level 14. HP: 138/141 MP: 13/13
 20438 | D:13     | Received a gift from Trog
 20489 | D:13     | Paralysed by a hornet for 3 turns
 21203 | D:14     | Reached skill level 1 in Evocations
 21244 | D:14     | Noticed Nessos
 21251 | D:14     | Killed Nessos
 21533 | D:14     | Reached skill level 10 in Shields
 22248 | D:14     | Found a gate to the Vaults.
 22712 | Orc:2    | Bought the ring of the Worm {+Fly rPois rF+ rC+ Slay+2} for 805 gold pieces
 22763 | Orc:2    | Bought a glowing plate armour for 728 gold pieces
 22989 | D:15     | Entered Level 15 of the Dungeon
 23707 | D:15     | Reached skill level 14 in Fighting
 23864 | D:15     | Found a staircase to the Depths.
 23969 | D:15     | Received a gift from Trog
 24168 | Orc:2    | Bought the ring of Zychaituta {+Fly rElec rF+} for 577 gold pieces
 24380 | Swamp:1  | Entered Level 1 of the Swamp
 24450 | Swamp:1  | Reached XP level 15. HP: 151/151 MP: 17/17
 24715 | Swamp:1  | Reached skill level 5 in Evocations
 24718 | Swamp:1  | Reached ****** piety under Trog
 25755 | Spider:1 | Entered Level 1 of the Spider Nest
 25765 | Lair:2   | Received a gift from Trog
 26440 | Spider:1 | Noticed Roxanne
 27176 | Swamp:2  | Received a gift from Trog
 28119 | Spider:2 | Received a gift from Trog
 28142 | Spider:2 | Noticed Arachne
 28164 | Spider:2 | Killed Arachne
 28551 | Spider:2 | Reached XP level 16. HP: 161/161 MP: 20/20
 29225 | Spider:3 | Noticed Donald
 29249 | Spider:3 | Killed Donald
 29249 | Spider:3 | Reached skill level 15 in Fighting
 29500 | Spider:3 | Received a gift from Trog
 29745 | Spider:4 | Entered Level 4 of the Spider Nest
 30197 | Spider:4 | Received a gift from Trog
 30238 | Spider:4 | Reached skill level 15 in Armour
 30921 | Spider:4 | Reached skill level 15 in Shields
 30926 | Spider:4 | Reached XP level 17. HP: 164/172 MP: 0/22
 30963 | Spider:4 | Got a gossamer rune of Zot
 31327 | Swamp:3  | Found a frozen archway.
 31357 | IceCv    | Entered an ice cave
 31455 | IceCv    | Noticed Aolhelm's ghost (journeyman BaHu)
 31470 | IceCv    | Killed Aolhelm's ghost
 31470 | IceCv    | Received a gift from Trog
 31471 | IceCv    | Got a transparent double sword {god gift}
 31472 | IceCv    | Identified the +5 double sword of Guxaetsesh {drain, rF+ rN+} (Trog gifted it to you in an ice cave)
 31678 | IceCv    | Noticed an Ice Fiend
 31688 | IceCv    | Killed an Ice Fiend
 31713 | IceCv    | Got a twisted robe
 31840 | Swamp:3  | Noticed a tentacled monstrosity
 31861 | Swamp:3  | Killed a tentacled monstrosity
 31861 | Swamp:3  | Reached skill level 16 in Fighting
 33285 | Swamp:4  | Entered Level 4 of the Swamp
 33285 | Swamp:4  | Noticed Nikola
 33394 | Swamp:4  | Noticed Jorgrun
 33546 | Swamp:4  | Received a gift from Trog
 33932 | Swamp:2  | Reached skill level 15 in Dodging
 34383 | Swamp:4  | Killed Jorgrun
 34544 | Swamp:4  | Killed Nikola
 35141 | Swamp:4  | Got a decaying rune of Zot
 35622 | Vaults:1 | Entered Level 1 of the Vaults
 35888 | Vaults:1 | Reached XP level 18. HP: 174/184 MP: 24/24
 35996 | Vaults:1 | Received a gift from Trog
 36493 | Vaults:1 | Noticed an Ice Fiend
 36495 | Vaults:1 | Gained mutation: You are dopey. (Int -2) [a cacodemon]
 36496 | Vaults:1 | Lost intelligence.
 36496 | Vaults:1 | Gained mutation: You are very dopey. (Int -4) [a cacodemon]
 37668 | Lair:1   | Lost mutation: You are robust. (+10% HP) [potion of mutation]
 37668 | Lair:1   | Lost mutation: You are very dopey. (Int -4) [potion of mutation]
 37668 | Lair:1   | Lost mutation: You are partially covered in slimy green scales. (AC +2) [potion of mutation]
 37668 | Lair:1   | Lost mutation: You are dopey. (Int -2) [potion of mutation]
 37668 | Lair:1   | Gained mutation: Scrolls take you a little longer to read. [potion of mutation]
 37668 | Lair:1   | Gained mutation: You tend to lose your temper in combat. [potion of mutation]
 37668 | Lair:1   | Lost mutation: You are partially covered in icy blue scales. (AC +2) [potion of mutation]
 37668 | Lair:1   | Gained mutation: You are resistant to hostile enchantments. (MR+) [potion of mutation]
 37983 | Vaults:1 | Reached skill level 17 in Fighting
 38147 | Vaults:1 | Found Tytsoick's Distillery.
 38359 | Vaults:1 | Received a gift from Trog
 39602 | Vaults:2 | Noticed a lich
 39620 | Vaults:2 | Killed a lich
 39971 | Vaults:2 | Received a gift from Trog
 40532 | Vaults:2 | Reached XP level 19. HP: 166/178 MP: 25/25
 40672 | Vaults:2 | Received a gift from Trog
 41628 | Elf:1    | Entered Level 1 of the Elven Halls
 41652 | Elf:1    | Found a radiant altar of Vehumet.
 41677 | Elf:1    | Reached skill level 18 in Fighting
 41729 | Elf:1    | Noticed a Brimstone Fiend
 41892 | D:11     | Received a gift from Trog
 42044 | Lair:1   | Reached XP level 20. HP: 188/188 MP: 26/26
 42446 | Elf:1    | Got a shimmering cloak
 42457 | Elf:1    | Identified the +2 cloak of the Crypt {Int+4} (You found it on level 1 of the Elven Halls)
 42539 | Elf:1    | Noticed Louise
 42554 | Elf:1    | Killed Louise
 42968 | Elf:1    | Received a gift from Trog
 43779 | Elf:2    | Found a runed gate.
 43779 | Elf:2    | Found a runed gate.
 43779 | Elf:2    | Found a runed gate.
 44614 | D:14     | Received a gift from Trog
 44659 | Depths:1 | Entered Level 1 of the Depths
 44798 | Depths:1 | Got a pair of dazzling gloves
 44819 | Depths:1 | Identified the +0 pair of gloves of Xiagiz {rC+ Int+5 Dex-4} (You acquired it on level 1 of the Depths)
 44854 | Depths:1 | Found a gateway to a ziggurat.
 44981 | Depths:1 | Reached skill level 19 in Fighting
 44998 | Depths:1 | Reached XP level 21. HP: 198/198 MP: 27/27
 45015 | Depths:1 | Noticed Mara
 45030 | Depths:1 | Noticed ianterrell's illusion
 45360 | Depths:1 | Noticed ianterrell's illusion
 45404 | D:15     | Noticed ianterrell's illusion
 45407 | D:15     | Killed Mara
 45759 | Depths:1 | Noticed Saba's ghost (journeyman CeHu)
 45791 | Depths:1 | Killed Saba's ghost
 46042 | Depths:1 | Found a gateway to Hell.
 46106 | Depths:1 | Found a one-way gate leading to the halls of Pandemonium.
 47109 | Depths:1 | Found Xupsie's Magic Scroll Emporium.
 47117 | Depths:1 | Bought a scroll of blinking for 142 gold pieces
 47136 | Depths:1 | Received a gift from Trog
 47276 | Depths:1 | Found a portal to a secret trove of treasure.
 48082 | Vaults:1 | Bought a potion of heal wounds for 70 gold pieces
 48082 | Vaults:1 | Bought a potion of heal wounds for 70 gold pieces
 48824 | Vaults:3 | Received a gift from Trog
 49826 | Vaults:3 | Found a staircase to the Crypt.
 49826 | Vaults:3 | Found a basalt altar of Yredelemnul.
 49827 | Vaults:3 | Found an ancient bone altar of Kikubaaqudgha.
 50649 | Vaults:4 | Received a gift from Trog
 50749 | Vaults:4 | Reached skill level 20 in Fighting
 50788 | Vaults:4 | Received a gift from Trog
 51029 | Vaults:4 | Reached XP level 22. HP: 209/209 MP: 28/28
 51224 | Vaults:4 | Received a gift from Trog
 51242 | Vaults:4 | Got a pitted falchion {god gift}
 51492 | Vaults:4 | Noticed Boris
 51514 | Vaults:4 | Killed Boris
 52051 | Lair:1   | Identified the +10 falchion of the Walnut {drain, Str+6} (Trog gifted it to you on level 4 of the Vaults)
 52675 | Depths:2 | Noticed a caustic shrike
 52685 | Depths:2 | Noticed a caustic shrike
 52689 | Depths:2 | Killed a caustic shrike
 52704 | Depths:2 | Killed a caustic shrike
 52974 | Depths:2 | Received a gift from Trog
 53583 | Depths:2 | Noticed a caustic shrike
 53594 | Depths:2 | Killed a caustic shrike
 54135 | Depths:2 | Noticed a juggernaut
 54158 | Depths:2 | Killed a juggernaut
 54564 | Depths:2 | Lost intelligence.
 55974 | D:12     | Lost intelligence.
 56009 | D:12     | Lost intelligence.
 56145 | Depths:2 | Reached skill level 21 in Fighting
 56172 | Depths:2 | Lost intelligence.
 56204 | Depths:2 | Lost intelligence.
 56209 | Depths:2 | Received a gift from Trog
 56258 | Depths:2 | HP: 5/213 [titan (illusionary)/bolt of lightning (31)]
 56278 | Depths:2 | Killed from afar by a rakshasa

Skill      XL: |  1  2  3  4  5  6  7  8  9 10 11 12 13 14 15 16 17 18 19 20 21 22 |
---------------+-------------------------------------------------------------------+-----
Long Blades    | 4 5 7 9 11 12 14 15 16 17 18 19 | 19.6
Fighting       | 4 5 6 7 9 11 12 13 14 15 16 17 18 19 20 21 | 21.0
Armour         | 4 5 7 8 10 12 13 14 15 16 17 18 20 | 20.9
Dodging        | 3 5 6 8 10 11 12 13 14 15 16 17 18 19 | 19.7
Shields        | 4 8 11 12 15 16 17 18 | 18.5
Evocations     | 4 7 9 |  9.7
Stealth        | |  0.1

Action                   |  1- 3 |  4- 6 |  7- 9 | 10-12 | 13-15 | 16-18 | 19-21 | 22-24 || total
-------------------------+-------+-------+-------+-------+-------+-------+-------+-------++-------
Melee: Falchion          |    66 |   136 |   443 |   631 |    63 |       |       |       ||  1339
       Headbutt          |    15 |    21 |   115 |   232 |   301 |   445 |   376 |   195 ||  1700
       Flail             |       |       |       |    72 |       |       |       |       ||    72
       Long sword        |       |       |       |   132 |       |       |       |     5 ||   137
       Double sword      |       |       |       |       |   863 |  1080 |  1198 |   493 ||  3634
       Scimitar          |       |       |       |       |   278 |   415 |       |       ||   693
Throw: Tomahawk          |       |       |       |       |     1 |     5 |       |       ||     6
Invok: Berserk           |       |       |     3 |    12 |     8 |     5 |     2 |     1 ||    31
       Burn Spellbooks   |       |       |     1 |     1 |       |     2 |     1 |     3 ||     8
       Trog's Hand       |       |       |       |     2 |     1 |     4 |     3 |       ||    10
       Brothers in Arms  |       |       |       |       |     6 |     7 |     5 |     4 ||    22
 Abil: Evoke Blink       |       |       |       |       |       |     5 |     2 |     8 ||    15
       Evoke Flight      |       |       |       |       |       |       |     1 |       ||     1
  Use: Scroll            |       |     8 |     4 |    11 |    25 |    12 |     4 |     1 ||    65
       Potion            |       |     3 |       |     4 |     1 |     7 |     5 |     8 ||    28
 Stab: Distracted        |       |       |       |       |     1 |       |     2 |     1 ||     4
       Confused          |       |       |       |       |       |     1 |       |       ||     1
  Eat: Chunk             |     1 |     6 |     7 |     9 |    10 |     8 |     9 |     6 ||    56
       Fruit             |       |       |     1 |     3 |     8 |    16 |     1 |       ||    29
       Royal jelly       |       |       |     1 |       |       |       |     1 |       ||     2
       Bread ration      |       |       |     1 |     2 |     5 |     7 |     7 |     4 ||    26
       Meat ration       |       |       |       |     5 |     7 |     1 |     2 |     2 ||    17
Armor: Animal skin       |     6 |       |       |       |       |       |       |       ||     6
       Ring mail         |    22 |       |       |       |       |       |       |       ||    22
       Scale mail        |     8 |     8 |       |       |       |       |       |       ||    16
       Chain mail        |       |    49 |     4 |       |       |       |       |       ||    53
       Plate armour      |       |       |   168 |   373 |   435 |   585 |   239 |   124 ||  1924
Dodge: Dodged            |    61 |    51 |   111 |   322 |   380 |   585 |   320 |   199 ||  2029
Block: Other             |       |     4 |    28 |    56 |       |       |       |       ||    88
       Reflection        |       |       |     1 |     2 |    40 |    53 |    77 |    46 ||   219
       Shield            |       |       |       |   157 |   981 |  1286 |   811 |   410 ||  3645
       Rpst.: Falchion   |    14 |    16 |    19 |    67 |     3 |       |       |       ||   119
       Long sword        |       |       |       |     8 |       |       |       |       ||     8
       Double sword      |       |       |       |       |    55 |    67 |    61 |    32 ||   215
       Scimitar          |       |       |       |       |    12 |    38 |       |       ||    50
